 Dungeon Crawl Stone Soup version 0.30-a0-568-g124715a40b (webtiles) character file.

Game seed: 6467956239575199441

110 Shayle the Conjurer (level 4, 0/42 HPs)
             Began as a Tengu Reaver on Dec 28, 2022.
             Slain by an orc
             ... wielding a +0 whip
              (5 damage)
             ... on level 3 of the Dungeon.
             The game lasted 00:04:22 (1616 turns).

Shayle the Conjurer (Tengu Reaver)                  Turns: 1616, Time: 00:04:22

Health: 0/42       AC: 22    Str: 13    XL:     4   Next: 91%
Magic:  8/8        EV:  2    Int: 15    God:
Gold:   167        SH:  0    Dex: 12    Spells: 6/7 levels left

rFire   + + .      SeeInvis .    o - +0 short sword (drain)
rCold   + . .      Faith    .    (no shield)
rNeg    . . .      Spirit   .    (body armour currently unavailable)
rPois   +          Reflect  .    (helmet currently unavailable)
rElec   +          Harm     .    (cloak currently unavailable)
rCorr   +          Rampage  .    (gloves currently unavailable)
Will    .....      NoTele   +    (boots unavailable)
Stlth   +                        (no amulet)
HPRegen 0.27/turn                f - ring of protection from fire
MPRegen 0.11/turn                (no ring)

@: tree-form (expiring), resistant
A: stationary, stasis, torment immunity, boosted hp, (beak), (talons 3)
a: no special abilities


You were on level 3 of the Dungeon.
You were a tree.
You visited 1 branch of the dungeon, and saw 3 of its levels.

You collected 167 gold pieces.

Inventory:

Hand Weapons
 a - a +0 spear
 n - a +4 club
 o - a +0 short sword of draining (weapon)
Armour
 b - a +0 leather armour (melded)
Jewellery
 f - a ring of protection from fire (left branch)
Scrolls
 e - a scroll of identify
 g - a scroll of noise
 h - a scroll of fog {unknown}
 j - a scroll of brand weapon {unknown}
 k - a scroll of teleportation {unknown}
Potions
 p - a potion of attraction {unknown}


   Skills:
 + Level 3.2 Fighting
 - Level 3.2 Polearms
 + Level 3.5 Dodging
 - Level 2.0 Spellcasting
 - Level 4.0 Conjurations
 + Level 2.5 Necromancy


You had 6 spell levels left.
You knew the following spells:

 Your Spells              Type           Power      Damage    Failure   Level
a - Kiss of Death         Conj/Necr      44%        2d8       6%          1

Your spell library contained the following spells:

 Spells                   Type           Power      Damage    Failure   Level
 Magic Dart               Conj           52%        1d5       4%          1
 Searing Ray              Conj           26%        2d5       6%          2
 Momentum Strike          Conj/Tloc      14%        3d8       14%         2
 Summon Small Mammal      Summ           4%         N/A       22%         1
 Hailstorm                Conj/Ice       7%         3d4       28%         3
 Call Canine Familiar     Summ           1%         N/A       54%         3
 Gell's Gravitas          Tloc           1%         N/A       54%         3
 Lesser Beckoning         Tloc           2%         N/A       54%         3
 Summon Guardian Golem    Hex/Summ       1%         N/A       54%         3
 Teleport Other           Tloc           1%         N/A       54%         3
 Fulminant Prism          Conj/Hex       3%         3d5       67%         4


Dungeon Overview and Level Annotations

Branches:
Dungeon (3/15)

Altars:

Shops:
D:2 =

Annotations:
D:3 1 runed translucent door, Crazy Yiuf


Innate Abilities, Weirdness & Mutations

You are a tree.
Your roots penetrate the ground, keeping you stationary.
You cannot be teleported.
You are immune to unholy pain and torment.
Your maximum health is greatly increased.
Your equipment is partially melded.
((You have a beak for a mouth.))
((You have claws for feet.))


Message History

An orc wizard comes into view. It is wielding a +0 dagger.
The orc hits you with a +0 whip.
* * * LOW HITPOINT WARNING * * *
The orc wizard barely misses you.
It was a potion of curing.
You feel better.
The orc wizard hits you but does no damage.
The orc hits you but does no damage.
The orc wizard hits you but does no damage.
The orc wizard shouts!
You hit the orc wizard but do no damage.
The orc wizard is moderately wounded.
The orc wizard hits you but does no damage.
The orc barely misses you.
The orc wizard hits you but does no damage.
You hit the orc wizard. You drain the orc wizard.
The orc wizard is severely wounded.
The orc wizard completely misses you. The orc hits you but does no damage.
The orc wizard hits you but does no damage.
You closely miss the orc wizard.
The orc wizard is severely wounded.
The orc wizard casts a spell at you. The magic dart hits you.
* * * LOW HITPOINT WARNING * * *
The orc wizard hits you with a +0 dagger.
* * * LOW HITPOINT WARNING * * *
The orc hits you but does no damage.
The orc wizard hits you but does no damage.
You hit the orc wizard. You drain the orc wizard.
You kill the orc wizard!
Your transformation is almost over.
The orc wizard hits you with a +0 dagger.
* * * LOW HITPOINT WARNING * * *
The orc hits you with a +0 whip.
* * * LOW HITPOINT WARNING * * *
The orc wizard hits you but does no damage.
An orc comes into view. It is wielding a +0 short sword.
You closely miss the orc.
The orc wizard hits you but does no damage.
The orc hits you with a +0 whip.
You die...

..# #.#### #.#.
.....# #.#.# #.##.#
#.#.##. #.##.# #.....
## ..##.# ###...##:#
####.# #.......# #.#
#.....oo# ####.#
#.....o♣# )....#
###...##o# #)####
#......#.#
...#######.###....#
....................+
...#######.#......###
#...# ##########
###.# # #)####♣♣♣♣♣


You could see 2 orc wizards and 2 orcs.

Vanquished Creatures
  Jessica (D:3)
  An orc wizard (D:3)
  4 gnolls (D:3)
  A ball python (D:3)
  3 bats
  2 endoplasms
  3 giant cockroaches
  2 hobgoblins
  A quokka (D:1)
  2 frilled lizards (D:1)
  2 kobolds
  4 rats
26 creatures vanquished.

Notes
Turn   | Place    | Note
-------+----------+-------------------------------------------
     0 | D:1      | Shayle the Tengu Reaver began the quest for the Orb.
     0 | D:1      | Reached XP level 1. HP: 12/12 MP: 4/4
   143 | D:1      | Found a faded altar of an unknown god.
   163 | D:1      | Reached XP level 2. HP: 17/17 MP: 6/6
   414 | D:1      | Reached skill level 1 in Necromancy
   715 | D:2      | Found Dympic's Jewellery Emporium.
  1379 | D:3      | Noticed Jessica
  1389 | D:3      | Killed Jessica
  1390 | D:3      | Reached XP level 3. HP: 13/22 MP: 7/7
  1447 | D:3      | Reached XP level 4. HP: 15/27 MP: 8/8
  1490 | D:3      | Found a runed translucent door.
  1491 | D:3      | Noticed Crazy Yiuf
  1616 | D:3      | Slain by an orc

Illustrated notes

Levels and vault maps discovered:
D:1:      giann_horns, layout_basic, hellmonk_ecumenical_altar_zigzags,
          corexii_leaking_fountain, nrook_mini_vaults
D:2:      layout_basic, serial_shops, shop_coins
D:3:      layout_loops_corners, kennysheep_orc_chapel, uniq_terence,
          uniq_jessica, uniq_crazy_yiuf_cottage

Skill      XL: |  1  2  3  4 |
---------------+-------------+-----
Necromancy     | 1 2 |  2.5
Dodging        | 3 |  3.5
Fighting       | 3 |  3.2
Polearms       | |  3.2
Spellcasting   | |  2.0
Conjurations   | |  4.0

Action                   |  1- 3 |  4- 6 || total
-------------------------+-------+-------++-------
Melee: Spear             |    45 |       ||    45
       Kick              |    14 |     3 ||    17
       Peck              |     7 |     2 ||     9
       Punch             |     1 |       ||     1
       Short sword       |     5 |    27 ||    32
  Use: Scroll            |     3 |       ||     3
       Potion            |       |     6 ||     6
 Stab: Sleeping          |     1 |       ||     1
Armor: Leather armour    |    13 |     7 ||    20
       Skin              |       |    15 ||    15
Dodge: Dodged            |    27 |    14 ||    41

Table legend: (Time is in decaauts)
 A = Elapsed time spent in this place.
 B = Non-inter-level travel time spent in this place.
 C = Inter-level travel time spent in this place.
 D = Time resting spent in this place.
 E = Time spent auto-exploring this place.
 F = Levels seen in this place.
 G = Mean time per level.
                   A        B        C        D        E       F      G
               +--------+--------+--------+--------+--------+-----+--------+
         Total |   1616 |   1565 |     51 |    129 |   1112 |   3 |  538.7 |
       Dungeon |   1616 |   1565 |     51 |    129 |   1112 |   3 |  538.7 |
               +--------+--------+--------+--------+--------+-----+--------+

Top non-repeatable levels by time:
     D:2: 581 daAuts
     D:1: 570 daAuts
     D:3: 465 daAuts
